 Dungeon Crawl Stone Soup version 0.9.0-15-g1b13fe2 character file.

5612 banei the Spear-Bearer (level 10, -2/57 HPs)
             Began as a Kenku Skald on Aug 21, 2011.
             Was an Elder of Okawaru.
             Killed from afar by an electric eel (3 damage)
             ... with a bolt of electricity
             ... on Level 9 of the Dungeon.
             The game lasted 01:19:28 (13353 turns).

banei the Spear-Bearer (Kenku Skald)               Turns: 13353, Time: 01:19:28

HP  -2/57        AC  7     Str 14      XL: 10   Next: 48%
MP  14/21        EV 17     Int 15      God: Okawaru [****..]
Gold 355         SH  0     Dex 13      Spells:  7 memorised,  5 levels left

Res.Fire  : . . .   See Invis. : .   a - +0 spear (venom)
Res.Cold  : + . .   Warding    : . . Z - +2 leather armour {rN+}
Life Prot.: + . .   Conserve   : .   (no shield)
Res.Acid. : . . .   Res.Corr.  : .   (helmet restricted)
Res.Poison: .       Clarity    : .   b - +0 cloak
Res.Elec. : .       Spirit.Shd : .   (no gloves)
Sust.Abil.: + .     Stasis     : .   (boots unavailable)
Res.Mut.  : .       Ctrl.Telep.: .   (no amulet)
Res.Rott. : .       Levitation : .   F - ring of sustain abilities
Saprovore : . . .   Ctrl.Flight: +   m - ring of protection from cold

@: repel missiles (expires), very slightly glowing, heroism, somewhat resistant
to hostile enchantments, quite stealthy
A: able to fly, beak, talons 3
a: Fly, Heroism, Renounce Religion


You were on level 9 of the Dungeon.
You worshipped Okawaru.
Okawaru was extremely pleased with you.
You were not hungry.

You visited 2 branches of the dungeon, and saw 10 of its levels.

You collected 335 gold pieces.

Inventory:

Hand weapons
 a - a +0,+0 spear of venom (weapon)
 P - a +2,+0 dagger of venom (quivered)
 T - a +0,+1 whip of flaming
 W - a +1,+0 sabre of electrocution
 X - a +0,+0 dagger of chaos
Armour
 b - a +0 cloak (worn)
 f - a +4 ring mail of magic resistance
 g - a +2 orcish robe
 O - a +0 ring mail of poison resistance
 Z - a +2 leather armour of positive energy (worn)
Magical devices
 j - a wand of polymorph other (4)
 C - a wand of magic darts (4)
 M - a wand of magic darts (4)
 N - a wand of fire (1)
 S - a wand of hasting (4)
 U - a wand of draining (8)
 V - a wand of enslavement (8)
Comestibles
 d - 4 bread rations
Scrolls
 i - 4 scrolls of identify
 k - a scroll of recharging {unknown}
 q - a scroll of teleportation {unknown}
 r - a scroll of amnesia {unknown}
 s - a scroll of detect curse {unknown}
 t - 2 scrolls of enchant weapon II {unknown}
 w - 2 scrolls of fog
 x - a scroll of magic mapping {unknown}
 y - 2 scrolls of remove curse
 E - a scroll of blinking {unknown}
 H - a scroll of enchant weapon I {unknown}
 I - a scroll of fear {unknown}
 L - a scroll of immolation {unknown}
Jewellery
 m - a ring of protection from cold (left hand)
 F - a ring of sustain abilities (right hand)
 G - an uncursed amulet of faith
 J - an uncursed ring of sustain abilities
Potions
 e - a potion of restore abilities {unknown}
 h - 5 potions of healing
 l - 3 potions of agility
 o - 3 potions of heal wounds
 u - a potion of degeneration {unknown}
 v - a potion of confusion {unknown}
 z - a potion of berserk rage {unknown}
 A - a potion of slowing {unknown}
 R - 2 potions of porridge {unknown}
Books
 c - a book of War Chants

   Spells                             Type                      Level
   *Fire Brand                        Charms/Fire                  2
   *Freezing Aura                     Charms/Ice                   2
   *Shroud of Golubria                Charms/Translocation         2
   *Repel Missiles                    Charms/Air                   2
   *Poison Weapon                     Charms/Poison                3
   *Regeneration                      Charms/Necromancy            3
 K - a book of Changes

   Spells                             Type                      Level
   Fulsome Distillation               Transmutation/Necromancy     1
   Sticks to Snakes                   Transmutation                2
   Evaporate                          Fire/Transmutation           2
   Spider Form                        Transmutation/Poison         3
   Ice Form                           Ice/Transmutation            4
   Blade Hands                        Transmutation                5
 Q - a book of Flames

   Spells                             Type                      Level
   Flame Tongue                       Conjuration/Fire             1
   *Throw Flame                       Conjuration/Fire             2
   Inner Flame                        Hexes/Fire                   3
   Sticky Flame                       Conjuration/Fire             4
   Bolt of Magma                      Conjuration/Fire/Earth       5
   Fireball                           Conjuration/Fire             6
 Y - a book of Summonings

   Spells                             Type                      Level
   Abjuration                         Summoning                    3
   Recall                             Summoning/Translocation      3
   Summon Elemental                   Summoning                    4
   Shadow Creatures                   Summoning                    5
   Summon Demon                       Summoning                    5
   Summon Ugly Thing                  Summoning                    6


   Skills:
 + Level 5(10) Fighting
 * Level 8(13) Polearms
 + Level 5(10) Armour
 + Level 5(10) Dodging
 - Level 1(6) Stealth
 - Level 1(6) Stabbing
 - Level 1(6) Traps & Doors
 + Level 3(8) Unarmed Combat
 * Level 6 Spellcasting
 + Level 2 Conjurations
 - Level 3 Charms
 - Level 1 Translocations
 - Level 2 Fire Magic
 - Level 1 Ice Magic
 - Level 1 Air Magic
 - Level 1 Poison Magic
 - Level 1 Invocations
 - Level 1 Evocations


You had 5 spell levels left.
You knew the following spells:

 Your Spells              Type           Power        Success   Level  Hunger
a - Fire Brand            Fire/Chrm      ###.......   Great       2    Sultana
b - Freezing Aura Ice/Chrm ###.......     Very         Good        2    Sultana
c - Poison Weapon         Pois/Chrm      N/A          Good        3    Choko
d - Throw Flame Fire/Conj ###....        Very         Good        2    Sultana
g - Repel Missiles Air/Chrm ###.......     Very         Good        2    Sultana
h - Shroud of Golubria Chrm/Tloc ###.......     Very         Good        2    Sultana
R - Regeneration          Chrm/Necr      ##........   Good        3    Choko

Dungeon Overview and Level Annotations

Branches:
Dungeon (9/27)             Temple (1/1) D:4             Orc (0/4) D:7
   Lair: D:8-13

Altars:
Ashenzari
Cheibriados
Elyvilon
Fedhas
Kikubaaqudgha
Makhleb
Nemelex Xobeh
Okawaru
Sif Muna
The Shining One
Trog
Vehumet
Xom
Yredelemnul
Zin


Innate Abilities, Weirdness & Mutations

You can fly.
You have a beak for a mouth.
You have claws for feet.


Message History

Your peck misses the electric eel.
The electric eel is lightly wounded.
You puncture the electric eel! Your kick misses the electric eel.
The electric eel is moderately wounded.
The electric eel shoots out a bolt of electricity!
The bolt of electricity hits you!
* * * LOW HITPOINT WARNING * * *
You hit the electric eel.
The electric eel is poisoned.
You peck the electric eel.
The electric eel is almost dead.
You puncture the electric eel!
The electric eel is poisoned.
The electric eel is moderately wounded.
Your repel missiles spell is about to expire...
The electric eel turns to fight!
The electric eel shoots out a bolt of electricity!
The bolt of electricity hits you!
* * * LOW HITPOINT WARNING * * *
The electric eel shoots out a bolt of electricity!
The bolt of electricity hits you!
You die...

.#######.####.
........#......
#..)..####
#..#..#
#..#..##.#
####..##.≈≈♣♣
#.......≈≈P≈P
#.....♣♣≈≈≈≈≈
#...@♣≈P≈≈≈≈{
#...;;≈≈P≈≈≈≈
###♣≈{≈≈≈≈≈≈≈
#♣≈≈≈P≈≈≈≈
≈♣≈≈≈♣≈P≈
##≈≈≈≈≈P≈
##≈♣PP≈ #.♣P


You could see 2 electric eels.

Vanquished Creatures
  Pikel (D:7)
  Joseph (D:8)
  Psyche (D:8)
  The ghost of jinxplayer the Bolt Thrower, an experienced KoHu (D:6)
  Eustachio (D:8)
  A wyvern (D:8)
  Grum (D:7)
  4 war dogs
  A yellow wasp (D:8)
  2 ice beasts
  An orc warrior (D:7)
  4 slaves
  A phantom (D:9)
  3 ogres
  11 big kobolds
  Duvessa (D:4)
  2 water moccasins
  4 wights (D:9)
  3 imps
  Dowan (D:4)
  2 iguanas
  4 orc priests
  2 scorpions
  6 hounds
  5 worker ants
  6 orc wizards
  A shadow (D:8)
  A human zombie (D:8)
  3 jellies
  2 mummies
  3 snakes
  9 worms
  A grey rat (D:4)
  A giant eyeball (D:4)
  3 giant geckos
  An ooze (D:2)
  30 orcs
  10 bats
  13 giant cockroaches
  10 goblins
  15 hobgoblins
  7 jackals
  A quokka (D:6)
  A giant gecko skeleton (D:5)
  6 giant newts
  A jackal zombie (D:8)
  23 kobolds
  33 rats
  4 toadstools
249 creatures vanquished.

Vanquished Creatures (others)
  2 big kobolds (D:7)
  A hound (D:7)
  A quokka (D:7)
  A giant newt (D:7)
  2 kobolds (D:7)
  A rat (D:7)
  12 toadstools
20 creatures vanquished.

Grand Total: 269 creatures vanquished

Notes
Turn   | Place    | Note
--------------------------------------------------------------
     0 | D:1      | banei, the Kenku Skald, began the quest for the Orb.
     0 | D:1      | Reached XP level 1. HP: 12/12 MP: 1/1
   182 | D:1      | Reached XP level 2. HP: 17/17 MP: 3/3
   208 | D:1      | Learned a level 2 spell: Fire Brand
   211 | D:1      | Learned a level 2 spell: Freezing Aura
   426 | D:1      | Reached skill level 3 in Charms
   841 | D:2      | Reached XP level 3. HP: 17/21 MP: 4/4
   851 | D:2      | Learned a level 2 spell: Shroud of Golubria
   860 | D:2      | Noticed an imp
   873 | D:2      | Defeated an imp
   877 | D:2      | Learned a level 2 spell: Repel Missiles
   994 | D:2      | Reached XP level 4. HP: 24/27 MP: 7/7
  1522 | D:2      | Found a glowing golden altar of the Shining One.
  1940 | D:3      | Reached skill level 1 in Stealth
  1940 | D:3      | Reached skill level 1 in Fire Magic
  2091 | D:2      | Reached XP level 5. HP: 29/31 MP: 8/8
  2468 | D:4      | Found a staircase to the Ecumenical Temple.
  2521 | Temple   | Entered the Ecumenical Temple
  2727 | Temple   | Became a worshipper of Warmaster Okawaru
  2763 | D:4      | Reached skill level 1 in Unarmed Combat
  2804 | D:4      | Reached skill level 4 in Polearms
  2911 | D:4      | Found a white marble altar of Elyvilon.
  2939 | D:4      | Paralysed by a giant eyeball for 3 turns
  3028 | D:3      | Reached XP level 6. HP: 26/36 MP: 3/10
  3148 | D:3      | Acquired Okawaru's first power
  3373 | D:4      | Noticed Duvessa
  3377 | D:4      | Noticed Dowan
  3414 | D:3      | Learned a level 3 spell: Poison Weapon
  3786 | D:4      | Defeated Duvessa
  3965 | D:4      | Defeated Dowan
  4234 | D:5      | Entered Level 5 of the Dungeon
  4239 | D:5      | Reached XP level 7. HP: 34/40 MP: 14/14
  5075 | D:6      | Found a bloodstained altar of Trog.
  5147 | D:6      | Reached skill level 1 in Translocations
  5185 | D:6      | Noticed jinxplayer's ghost (experienced KoHu)
  5245 | D:6      | HP: 1/40 [jinxplayer's ghost (7)]
  5246 | D:6      | Defeated jinxplayer's ghost
  5246 | D:6      | Reached skill level 5 in Polearms
  5246 | D:6      | Reached skill level 1 in Traps & Doors
  5246 | D:6      | Reached skill level 1 in Ice Magic
  5246 | D:6      | Reached skill level 1 in Poison Magic
  5546 | D:6      | Learned a level 3 spell: Regeneration
  6292 | D:7      | Reached XP level 8. HP: 43/47 MP: 14/16
  6313 | D:7      | Noticed Pikel
  7316 | D:6      | Reached skill level 1 in Stabbing
  7979 | D:7      | Reached skill level 5 in Spellcasting
  8501 | D:7      | Reached skill level 6 in Polearms
  8504 | D:7      | Reached skill level 1 in Air Magic
  8504 | D:7      | Reached skill level 1 in Invocations
  9222 | D:7      | Reached XP level 9. HP: 49/51 MP: 14/19
  9600 | D:7      | Found a staircase to the Orcish Mines.
  9886 | D:8      | Noticed Grum
  9904 | D:7      | Defeated Grum
 10161 | D:7      | Reached skill level 1 in Evocations
 10453 | D:8      | Reached skill level 7 in Polearms
 10571 | D:8      | Noticed Joseph
 10717 | D:7      | Learned a level 2 spell: Throw Flame
 10771 | D:8      | Defeated Joseph
 10771 | D:8      | Reached skill level 5 in Fighting
 11024 | D:8      | Noticed Psyche
 11112 | D:7      | Defeated Pikel
 11112 | D:7      | Reached skill level 1 in Conjurations
 11112 | D:7      | Reached XP level 10. HP: 43/57 MP: 7/21
 11123 | D:7      | Your ally freed slave died
 11267 | D:8      | Reached skill level 5 in Dodging
 11400 | D:8      | Found a white marble altar of Elyvilon.
 11509 | D:8      | Noticed Eustachio
 11515 | D:8      | Defeated Psyche
 11534 | D:8      | Defeated Eustachio
 11534 | D:8      | Reached skill level 8 in Polearms
 12175 | D:8      | Paralysed by a yellow wasp for 3 turns
 12523 | D:7      | Reached skill level 5 in Armour
 13353 | D:9      | HP: 1/57 [electric eel/bolt of electricity (10)]
 13353 | D:9      | Killed from afar by an electric eel
